 Dungeon Crawl Stone Soup version 0.29.1-15-g9cfb28693d (webtiles) character file.

Game seed: 577406101360209374

2485 PiMastah the Cleaver (level 9, -6/78 HPs)
             Began as a Hill Orc Fighter on Mar 3, 2023.
             Was a Priest of Okawaru.
             Mangled by an ogre
             ... wielding a +0 giant club
              (22 damage)
             ... on level 6 of the Dungeon.
             The game lasted 00:20:55 (7528 turns).

PiMastah the Cleaver (Hill Orc Fighter)             Turns: 7528, Time: 00:20:55

Health: -6/78      AC: 16    Str: 23    XL:     9   Next: 52%
Magic:  11/13      EV:  8    Int:  8    God:    Okawaru [***...]
Gold:   323        SH:  6    Dex: 10    Spells: 8/8 levels left

rFire   + . .      SeeInvis +   a - +0 war axe
rCold   . . .      Faith    .   c - +0 buckler
rNeg    . . .      Spirit   .   j - +0 plate armour
rPois   .          Reflect  .   p - +0 helmet {SInv}
rElec   .          Harm     .   (no cloak)
rCorr   .          Rampage  .   (no gloves)
Will    .....                   (no boots)
Stlth   ..........              (no amulet)
HPRegen 0.23/turn               r - ring of protection from fire
MPRegen 0.13/turn               (no ring)

@: heroic
A: no striking features
a: Renounce Religion, Heroism


You were on level 6 of the Dungeon.
You worshipped Okawaru.
Okawaru was most pleased with you.
You visited 2 branches of the dungeon, and saw 7 of its levels.

You collected 323 gold pieces.

Inventory:

Hand Weapons
 a - a +0 war axe (weapon)
Armour
 b - a +0 scale mail
 c - a +0 buckler (worn)
 j - a +0 plate armour (worn)
 p - a +0 helmet of see invisible (worn)
Jewellery
 r - a ring of protection from fire (left hand)
 y - a +4 ring of protection
Wands
 m - a wand of digging (12)
 x - a wand of flame (19)
Scrolls
 f - a scroll of torment {unknown}
 g - 2 scrolls of butterflies {unknown}
 i - a scroll of teleportation {unknown}
 k - 2 scrolls of enchant weapon {unknown}
 n - a scroll of silence {unknown}
 s - a scroll of amnesia {unknown}
 u - a scroll of fear {unknown}
 v - 4 scrolls of identify {unknown}
 w - a scroll of enchant armour {unknown}
 A - a scroll of noise {unknown}
Potions
 d - a potion of mutation {unknown}
 e - a potion of berserk rage
 h - 3 potions of flight
 l - 2 potions of curing {unknown}
 o - a potion of resistance {unknown}
 q - 2 potions of heal wounds {unknown}
 t - a potion of magic {unknown}
 z - a potion of might


   Skills:
 + Level 6.6(11.6) Fighting
 * Level 11.8(16.8) Axes
 + Level 6.9(11.9) Armour
 + Level 4.1(9.1) Shields
 + Level 5.9 Invocations


You had 8 spell levels left.
You didn't know any spells.
Your spell library contained the following spells:

 Spells                   Type           Power      Damage    Failure   Level
 Scorch                   Fire           0%         2d5       100%        2
 Ozocubu's Armour         Ice            0%         N/A       100%        3
 Portal Projectile        Hex/Tloc       0%         N/A       100%        3
 Flame Wave               Conj/Fire      0%         2d4       100%        4
 Leda's Liquefaction      Hex/Erth       0%         N/A       100%        4
 Ozocubu's Refrigeration  Ice            0%         4d7       100%        7
 Call Canine Familiar     Summ           Unusable   N/A       N/A         3
 Summon Cactus Giant      Summ           Unusable   N/A       N/A         6

Dungeon Overview and Level Annotations

Branches:
Dungeon (6/15)             Temple (1/1) D:4

Altars:
Ashenzari
Cheibriados
Dithmenos
Fedhas
Gozag
Hepliaklqana
Makhleb
Nemelex Xobeh
Okawaru
Ru
Sif Muna
Trog
Uskayaw
Vehumet
Wu Jian
Xom
Yredelemnul
Zin
The Shining One

Shops:
D:1 =


Message History

Okawaru accepts your kill.
Your base Shields skill increases to level 4!
You feel a strong urge to attack something.
You feel your anger nearly subside.
You are no longer berserk.
You are exhausted.
You feel yourself slow down.
You start resting.
You are starting to lose your buoyancy.
You start resting.
You float gracefully downwards.
You start resting.
You feel like a meek peon again.
You start resting.
An ogre comes into view. It is wielding a +0 giant club.
There is an open door here.
You start resting.
You feel yourself speed up.
You start resting.
You recover from your berserk rage.
You start resting.
An ogre is nearby!
An ogre is nearby!
An ogre is nearby!
The ogre shouts!
You start resting.
An ogre is nearby!
You gain the combat prowess of a mighty hero.
You hit the ogre but do no damage. The ogre closely misses you.
You hit the ogre.
The ogre is lightly wounded.
You hit the ogre.
The ogre is moderately wounded.
The ogre hits you with a +0 giant club!
* * * LOW HITPOINT WARNING * * *
You hit the ogre.
The ogre is moderately wounded.
You slash the ogre!
The ogre is almost dead.
The ogre hits you with a +0 giant club!!
You die...

.....#.................
....#.>...............
...#.................
######'###..####.####'####
#..O....##..## ### ##.####
#.......#....# .......
#.......'....# .......
#.......#O...# .....###
### #.......#@...#
.....##..
..######.#######....#
.##...#...
...............#...## .
#... ........#......#...#
#... ........#.....##...#
##.. ........†.....##...#
### ##......#.....##....
#.. #.....##.....##.....
#.. #.....#.......# #..


You could see an ogre.

Vanquished Creatures
  4 yaks (D:6)
  A water moccasin (D:6)
  An orc warrior (D:4)
  3 black bears
  2 sky beasts (D:6)
  2 ogres
  A phantom (D:6)
  A bullfrog (D:6)
  4 scorpions
  A gnoll sergeant (D:6)
  A necrophage (D:4)
  2 hounds (D:5)
  A jelly (D:6)
  4 orc priests
  3 iguanas
  2 orc wizards
  A mummy (D:4)
  6 gnolls
  4 adders
  An ufetubus (D:5)
  A worm (D:2)
  2 dart slugs
  24 orcs
  8 ball pythons
  9 endoplasms
  5 giant cockroaches
  5 goblins
  13 hobgoblins
  4 jackals (D:4)
  4 quokkas
  9 bats
  4 frilled lizards (D:1)
  6 kobolds
  13 rats
152 creatures vanquished.

Vanquished Creatures (others)
  An angel (D:4)
  6 plants (D:2)
7 creatures vanquished.

Grand Total: 159 creatures vanquished

Notes
Turn   | Place    | Note
-------+----------+-------------------------------------------
     0 | D:1      | PiMastah the Hill Orc Fighter began the quest for the Orb.
     0 | D:1      | Reached XP level 1. HP: 19/19 MP: 1/1
    75 | D:1      | Reached skill level 3 in Axes
   186 | D:1      | Reached XP level 2. HP: 26/26 MP: 2/2
   193 | D:1      | Found Ologurr's Jewellery Shoppe.
   356 | D:1      | Reached skill level 4 in Axes
   655 | D:1      | Reached XP level 3. HP: 28/31 MP: 3/3
  1288 | D:2      | Reached skill level 5 in Axes
  1755 | D:2      | Reached XP level 4. HP: 39/39 MP: 4/4
  1942 | D:2      | Found a faded altar of an unknown god.
  1972 | D:2      | Found a radiant altar of Vehumet.
  2453 | D:3      | Found a shimmering blue altar of Sif Muna.
  2492 | D:3      | Reached skill level 6 in Axes
  2505 | D:3      | Found a basalt altar of Yredelemnul.
  2986 | D:3      | Reached XP level 5. HP: 29/45 MP: 5/5
  3449 | D:4      | Reached skill level 7 in Axes
  3481 | D:4      | Found a staircase to the Ecumenical Temple.
  3690 | Temple   | Entered the Ecumenical Temple
  3881 | Temple   | Became a worshipper of Warmaster Okawaru
  3943 | D:4      | Reached XP level 6. HP: 33/51 MP: 6/6
  4078 | D:4      | Noticed an angel
  4079 | D:4      | Found a shimmering altar of Xom.
  4079 | D:4      | Found a glowing silver altar of Zin.
  4146 | D:4      | Killed an angel
  4329 | D:4      | Found a snail-covered altar of Cheibriados.
  4556 | D:4      | Reached skill level 8 in Axes
  4585 | D:4      | Noticed a black bear
  4593 | D:4      | Killed a black bear
  4593 | D:4      | Reached * piety under Okawaru
  4594 | D:4      | Reached skill level 1 in Invocations
  4594 | D:4      | Reached XP level 7. HP: 40/58 MP: 7/7
  4903 | D:5      | Entered Level 5 of the Dungeon
  5358 | D:4      | Reached skill level 5 in Armour
  5560 | D:5      | Reached skill level 9 in Axes
  5643 | D:5      | Found a bloodstained altar of Trog.
  5643 | D:5      | Found an opulent altar of Gozag.
  5644 | D:5      | Found a hide-covered altar of Uskayaw.
  5812 | D:5      | Found a sacrificial altar of Ru.
  6047 | D:5      | Reached XP level 8. HP: 60/67 MP: 10/10
  6263 | D:5      | Reached skill level 5 in Fighting
  6364 | D:5      | Found a broken altar of Ashenzari.
  6512 | D:6      | Reached ** piety under Okawaru
  6513 | D:6      | Reached skill level 10 in Axes
  7162 | D:6      | Reached XP level 9. HP: 67/75 MP: 12/12
  7299 | D:6      | Reached skill level 11 in Axes
  7299 | D:6      | Reached skill level 5 in Invocations
  7417 | D:6      | Reached *** piety under Okawaru
  7528 | D:6      | Mangled by an ogre

Illustrated notes

Levels and vault maps discovered:
D:1:      kennysheep_arrival_seaside, layout_loops_ring, serial_shops,
          nicolae_square_shop
D:2:      cheibrodos_old_hovel, layout_basic,
          shapermc_ecumenical_altar_notcrosses, basic_altar
D:3:      layout_basic, mainiacjoe_overflow_catwalk,
          nicolae_overflow_hidden_temple
D:4:      minmay_bubble_buster, layout_rooms,
          grunt_temple_overflow_order_and_chaos_1, slow_altar_2,
          minmay_temple_entry_steel_oval, minivault_24, grunt_ministairs_7,
          dk_noncrumbling_3
D:5:      layout_basic, kennysheep_mini_moat, nicolae_ru_awakened_eye,
          chequers_temple_overflow_statue_of_worship
D:6:      layout_gridville, eino_small_chamber_without_monster
Temple:   nicolae_temple_bog_church

Skill      XL: |  1  2  3  4  5  6  7  8  9 |
---------------+----------------------------+-----
Axes           | 3 4 5 6 7 8 9 10 11 | 11.8
Armour         | 4 5 6 |  6.9
Invocations    | 1 3 4 5 |  5.9
Fighting       | 4 5 6 |  6.6
Shields        | 4 |  4.1

Action                   |  1- 3 |  4- 6 |  7- 9 || total
-------------------------+-------+-------+-------++-------
Melee: War axe           |   132 |   144 |   199 ||   475
Invok: Heroism           |       |       |     7 ||     7
  Use: Potion            |       |     1 |     3 ||     4
Armor: Scale mail        |    63 |     7 |       ||    70
       Plate armour      |       |    77 |    92 ||   169
Dodge: Dodged            |    50 |    27 |    59 ||   136
Block: Buckler           |    32 |    32 |    37 ||   101
